 Dungeon Crawl Stone Soup version 0.25-a0-424-g80bd347ae0 (webtiles) character file.

Game seed: 3490797855220124624, levelgen mode: deterministic

219 anadir the Chopper (level 5, 0/47 HPs)
             Began as a Hill Orc Berserker on Jan 20, 2020.
             Was a Believer of Trog.
             Slain by an iguana (6 damage)
             ... on level 3 of the Dungeon.
             The game lasted 00:22:38 (2766 turns).

anadir the Chopper (Hill Orc Berserker)             Turns: 2766, Time: 00:22:38

Health: 0/47       AC:  9    Str: 21    XL:     5   Next: 96%
Magic:  5/5        EV: 12    Int:  7    God:    Trog [**....]
Gold:   97         SH:  0    Dex: 10    Spells: 4/4 levels left

rFire    . . .     SeeInvis .   e - +2 dagger (protect)
rCold    . . .     Gourm    .   (no shield)
rNeg     . . .     Faith    .   b - +0 animal skin
rPois    .         Spirit   .   (no helmet)
rElec    .         Reflect  .   (no cloak)
rCorr    .         Harm     .   (no gloves)
MR       .....                  (no boots)
Stlth    +.........             (no amulet)
HPRegen  0.15/turn              (no ring)
MPRegen  0.09/turn              (no ring)

@: protection aura, berserk cooldown
A: no striking features
a: Berserk, Trog's Hand, Renounce Religion


You were on level 3 of the Dungeon.
You worshipped Trog.
Trog was pleased with you.
You were not hungry.

You visited 1 branch of the dungeon, and saw 3 of its levels.

You collected 97 gold pieces.

Inventory:

Hand Weapons
 e - a +2 dagger of protection (weapon)
 f - a +0 spear of flaming
Armour
 a - a cursed +0 chain mail
 b - a +0 animal skin (worn)
Jewellery
 r - a cursed amulet of inaccuracy {unknown}
Scrolls
 d - 3 scrolls of remove curse {unknown}
 g - a scroll of noise {unknown}
 h - 3 scrolls of immolation {unknown}
 i - 3 scrolls of enchant weapon {unknown}
 k - a scroll of random uselessness {unknown}
 m - 4 scrolls of identify {unknown}
 n - 5 scrolls of teleportation {unknown}
 o - a scroll of magic mapping {unknown}
 q - a scroll of fear {unknown}
Potions
 l - a potion of invisibility {unknown}
 p - a potion of might {unknown}
 s - a potion of lignification {unknown}
Comestibles
 c - 5 rations


   Skills:
 + Level 4.9 Fighting
 + Level 1.5 Short Blades
   Level 5.3 Axes
 + Level 3.5 Armour
 + Level 2.6 Dodging


You had 4 spell levels left.
You didn't know any spells.
Your spell library was empty.

Dungeon Overview and Level Annotations

Branches:
Dungeon (3/15)

Altars:


Message History

The iguana is almost dead.
The iguana closely misses you.
You barely miss the iguana.
The iguana is almost dead.
The iguana bites you!
* * * LOW HITPOINT WARNING * * *
The iguana bites you.
* * * LOW HITPOINT WARNING * * *
You hit the iguana but do no damage.
Your weapon exudes an aura of protection.
The iguana is almost dead.
The iguana barely misses you.
You hit the iguana.
The iguana is almost dead.
The iguana barely misses you. The iguana misses you.
You barely miss the iguana.
The iguana is almost dead.
You feel yourself speed up. The iguana bites you.
You die...

####### #.....### .)......######
#..##$# .#####.......###.
%....... ##≈≈≈###.........
####.......#
≈≈≈≈≈≈≈######...###...........##
≈≈≈≈≈≈≈≈≈...#####.......###....##
..≈≈≈.).........@l##.......g....#
......####†..#######....###...?..
...............## #....##......#
#####((.######..####....#.w.....#
##..(.### ##....g......g.....#
#.)###############)#............#
...................#......##.....
..#############....###g...#######
### #....##..>###


You could see an iguana.

Vanquished Creatures
  A big kobold (D:3)
  4 gnolls (D:3)
  4 adders
  2 oozes
  2 worms
  A dart slug (D:2)
  3 leopard geckos
  3 bats (D:2)
  A giant cockroach (D:2)
  10 goblins
  8 hobgoblins
  A quokka (D:3)
  2 ball pythons
  3 frilled lizards
  8 kobolds
  6 rats
59 creatures vanquished.

Notes
Turn   | Place    | Note
-------+----------+-------------------------------------------
     0 | D:1      | anadir the Hill Orc Berserker began the quest for the Orb.
     0 | D:1      | Reached XP level 1. HP: 19/19 MP: 1/1
   505 | D:1      | Reached XP level 2. HP: 12/27 MP: 2/2
  1118 | D:2      | Reached XP level 3. HP: 26/33 MP: 3/3
  1619 | D:2      | Reached XP level 4. HP: 26/40 MP: 4/4
  1820 | D:2      | Reached ** piety under Trog
  2092 | D:2      | Reached skill level 5 in Axes
  2431 | D:3      | Noticed a big kobold
  2484 | D:3      | Killed a big kobold
  2484 | D:3      | Reached skill level 1 in Short Blades
  2484 | D:3      | Reached XP level 5. HP: 17/47 MP: 5/5
  2766 | D:3      | Slain by an iguana

Levels and vault maps discovered:
D:1:      lightli_arrival_statuegarden, layout_basic
D:2:      wad_pebble_path, layout_basic, minmay_distorted
D:3:      cheibrodos_thug_alley, layout_rooms

Skill      XL: |  1  2  3  4 |
---------------+-------------+-----
Fighting       | 4 |  4.9
Dodging        | 2 |  2.6
Axes           | 5 |  5.3
Short Blades   | 1 |  1.5
Armour         | 3 |  3.5

Action                   |  1- 3 |  4- 6 || total
-------------------------+-------+-------++-------
Melee: Hand axe          |    32 |       ||    32
       Dagger            |    75 |   165 ||   240
Invok: Berserk           |       |     1 ||     1
  Use: Potion            |       |     2 ||     2
 Stab: Sleeping          |       |     2 ||     2
  Eat: Ration            |     1 |     1 ||     2
Armor: Animal skin       |    21 |    34 ||    55
Dodge: Dodged            |    54 |    90 ||   144

Table legend:
 A = Non-vault XP
 B = Vault XP
 C = Vault XP percentage of total XP
 D = Non-vault monster count
 E = Vault monster count
 F = Vault count percentage of total count
                 A         B        C        D         E       F
            +---------+---------+-------+---------+---------+-------
      Total |     198 |     115 |  36.7 |      48 |      11 |  18.6
            +---------+---------+-------+---------+---------+-------
        D:1 |      31 |       0 |   0.0 |      15 |       0 |   0.0
        D:2 |      75 |       4 |   5.1 |      20 |       3 |  13.0
        D:3 |      92 |     111 |  54.7 |      13 |       8 |  38.1
            +---------+---------+-------+---------+---------+-------
